Map: Одиссея РВ

Players

ИИ 1 (эксперт) - Winner!

  • Race: Zerg Zerg
  • Spawn Location: 5:00

Doll

  • Race: Zerg Zerg
  • Spawn Location: 11:00

VOD

Have the link to the VOD?

Description

Time

  • Played on: Oct. 12, 2022, 12:42 p.m.
  • Length: 8:11
Show
View Real Time Build Order
Export as new Build Order

ИИ 1 (эксперт) Zerg - Winner!

Build Orders: Hatch First 

Get SALT Encoding   

  12  0:00  Drone  
  13  0:12  Overlord  
  13  0:17  Drone  
  14  0:30  Drone x2  
  14  0:33  Extractor  
  14  0:34  Drone  
  14  0:35  Extractor  
  15  0:44  Drone  
  16  0:55  Drone  
  17  1:09  Hatchery  
  16  1:14  Drone  
  17  1:38  Spawning Pool  
  16  1:43  Drone  
  17  1:50  Drone  
  18  1:56  Drone  
  19  2:04  Drone  
  20  2:10  Drone  
  21  2:28  Lair  
  21  2:38  Overlord  
  21  2:49  Queen  
  23  2:53  Drone  
  23  2:58  Drone  
  25  3:01  Drone  
  25  3:04  Drone  
  27  3:09  Drone  
  28  3:13  Drone  
  28  3:17  Drone  
  30  3:20  Drone  
  30  3:24  Drone  
  33  3:27  Drone  
  33  3:30  Drone  
  34  3:43  Drone, Spire  
  34  3:50  Queen  
  36  3:56  Overlord  
  36  4:14  Drone x6  
  36  4:15  Overlord  
  42  4:33  Overlord  
  42  4:34  Drone  
  42  4:35  Drone  
  42  4:37  Drone  
  45  4:39  Drone  
  45  4:41  Drone  
  45  4:43  Drone  
  48  4:52  Drone x2, Roach Warren  
  49  4:54  Drone  
  49  4:56  Corruptor  
  49  4:57  Mutalisk, Overlord  
  54  5:00  Mutalisk  
  54  5:03  Mutalisk  
  54  5:06  Mutalisk  
  60  5:14  Mutalisk  
  60  5:15  Drone, Overlord  
  60  5:17  Mutalisk  
  65  5:24  Drone  
  65  5:28  Mutalisk  
  66  5:32  Mutalisk  
  66  5:33  Overlord, Corruptor  
  72  5:38  Corruptor  
  72  5:42  Corruptor  
  76  5:49  Extractor  
  75  5:51  Extractor  
  75  5:52  Drone, Overlord  
  75  5:59  Evolution Chamber  
  75  6:00  Hatchery  
  75  6:01  Drone  
  74  6:12  Drone x3  
  74  6:14  Drone x2  
  74  6:15  Drone  
  80  6:21  Mutalisk, Overlord  
  82  6:31  Mutalisk  
  84  6:40  Mutalisk  
  86  6:48  Mutalisk  
  86  6:50  Spine Crawler  
  86  6:51  Drone  
  88  6:55  Drone, Spine Crawler  
  88  7:02  Corruptor  
  88  7:03  Overlord  
  88  7:07  Corruptor  
  90  7:14  Overseer  
  84  7:18  Hatchery  
  84  7:20  Drone x3  
  81  7:24  Drone x3  
  81  7:25  Mutalisk  
  81  7:26  Drone x3  
  81  7:31  Drone  
  81  7:36  Drone  
  83  7:37  Mutalisk  
  87  7:57  Spore Crawler  
  88  7:59  Spore Crawler  
Show
View Real Time Build Order
Export as new Build Order

Doll Zerg 

Build Orders: Hatch First 

Get SALT Encoding   

  12  0:00  Drone  
  13  0:09  Drone  
  14  0:17  Overlord  
  14  0:22  Extractor  
  14  0:24  Drone  
  14  0:36  Drone x2  
  16  0:44  Drone  
  17  1:03  Hatchery  
  16  1:07  Drone  
  16  1:10  Drone  
  18  1:28  Spawning Pool  
  18  1:31  Drone  
  18  1:34  Drone  
  18  1:38  Extractor  
  18  1:40  Drone  
  19  1:48  Drone  
  20  1:59  Drone  
  21  2:15  Queen x2  
  23  2:16  Zergling x2  
  23  2:17  Zergling x2  
  23  2:21  Drone  
  28  2:28  Overlord  
  28  2:42  Spine Crawler  
  27  2:46  Drone  
  27  2:50  Drone  
  27  2:51  Spine Crawler  
  28  2:54  Drone  
  29  3:00  Drone  
  30  3:07  Lair  
  30  3:11  Drone  
  31  3:14  Drone  
  31  3:17  Drone  
  34  3:20  Drone  
  34  3:23  Drone  
  35  3:28  Overlord  
  35  3:34  Metabolic Boost  
  35  3:37  Zergling x2  
  36  3:46  Spine Crawler  
  36  3:47  Drone  
  36  3:49  Drone x2  
  36  3:52  Drone  
  36  3:54  Drone  
  40  3:57  Drone  
  41  4:08  Drone, Spire  
  41  4:10  Drone  
  41  4:15  Overlord  
  42  4:25  Roach Warren  
  42  4:26  Drone x2  
  42  4:27  Drone  
  44  4:31  Overlord  
  44  4:35  Drone x2  
  44  4:36  Drone  
  47  4:40  Drone  
  47  4:42  Extractor  
  48  4:45  Drone  
  48  4:50  Overlord  
  48  4:54  Queen  
  48  4:57  Drone x2  
  48  4:58  Drone x2  
  54  5:05  Overlord  
  54  5:20  Mutalisk x2  
  54  5:21  Mutalisk  
  58  5:23  Mutalisk x3  
  58  5:27  Mutalisk  
  68  5:29  Mutalisk  
  70  5:38  Mutalisk  
  70  5:42  Mutalisk  
  72  5:46  Hatchery  
  72  5:48  Drone  
  74  5:51  Pneumatized Carapace  
  74  5:54  Overlord  
  74  5:58  Extractor  
  74  6:00  Overlord  
  73  6:05  Baneling Nest  
  73  6:07  Drone, Hydralisk Den  
  73  6:08  Drone x2  
  73  6:10  Drone  
  75  6:14  Zergling x2  
  76  6:21  Mutalisk  
  76  6:22  Zergling x2  
  76  6:23  Zergling x2  
  76  6:24  Zergling x2  
  76  6:25  Zergling x2  
  82  6:27  Queen  
  84  6:35  Mutalisk, Evolution Chamber  
  84  6:36  Mutalisk  
  84  6:38  Evolution Chamber  
  86  6:46  Drone x2  
  88  6:51  Overlord  
  88  6:53  Overlord  
  88  6:58  Drone x2  
  88  7:00  Drone x2, Hatchery  
  91  7:07  Drone  
  87  7:14  Drone x2  
  79  7:19  Drone x4  
  79  7:22  Overlord  
  68  7:30  Drone x2  
  68  7:31  Drone, Infestation Pit  
  70  7:41  Drone  
  70  7:42  Drone x2  
  73  7:47  Drone x4  
  77  7:58  Drone  
Tags
 
Add a new tag
Caveats
  • Supply blocks, unpowered buildings, or Contaminate may cause inaccurate times.
  • Supply counts are checked every 10 seconds.